 Dungeon Crawl Stone Soup version 0.23.0 (webtiles) character file.

Game seed: 181171196767203282

34714 dengdeng the Fencer (level 13, 0/122 HPs)
             Began as a Minotaur Berserker on Feb 8, 2019.
             Was a High Priest of Trog.
             Slain by a fire dragon (2 damage)
             ... on level 15 of the Dungeon.
             The game lasted 01:02:06 (17250 turns).

dengdeng the Fencer (Minotaur Berserker)           Turns: 17250, Time: 01:02:07

Health: 0/122      AC: 29    Str: 31    XL:     13   Next: 43%
Magic:  0/4        EV: 10    Int:  4    God:    Trog [*****.]
Gold:   556        SH:  7    Dex: 10    Spells: 12/12 levels left

rFire    . . .     SeeInvis .   A - +3 double sword (antimagic)
rCold    . . .     Gourm    .   a - +2 buckler
rNeg     . . .     Faith    .   H - +0 plate armour
rPois    .         Spirit   +   C - +2 hat
rElec    .         Reflect  .   I - scarf {Spirit}
rCorr    .         Harm     .   Q - +0 pair of gloves
MR       .....                  N - +2 pair of boots
Stlth    ..........             (no amulet)
HPRegen  0.30/turn              L - +4 ring of strength
MPRegen  0.09/turn              V - +6 ring of protection

@: berserk cooldown, slowed, very slow
A: retaliatory headbutt, horns 2
a: Berserk, Trog's Hand, Brothers in Arms, Renounce Religion


You were on level 15 of the Dungeon.
You worshipped Trog.
Trog was extremely pleased with you.
You were not hungry.

You visited 1 branch of the dungeon, and saw 15 of its levels.
You visited 1 bazaar.
You also visited: Ossuary.

You collected 918 gold pieces.
You spent 362 gold pieces at shops.

Inventory:

Hand Weapons
 o - the +2 Maxwell's thermic engine {flame, freeze}
   (Trog gifted it to you on level 12 of the Dungeon)

   It has been specially enchanted to burn those struck by it, causing extra
   injury to most foes and up to half again as much damage against particularly
   susceptible opponents.
   Big, fiery blades are also staple armaments of hydra-hunters.
 A - a +3 antimagic double sword (weapon)
 P - a +1 vampiric great sword
 X - a cursed +3 great sword of freezing
Missiles
 d - 14 javelins
 j - 548 stones (quivered)
 G - 4 tomahawks of returning
 O - 18 tomahawks
Armour
 a - a +2 buckler (worn)
 C - a +2 hat (worn)
 H - a +0 plate armour (worn)
 I - a scarf of spirit shield (worn)
 N - a +2 pair of boots (worn)
 Q - a +0 pair of gloves (worn)
Jewellery
 h - an uncursed ring of flight
 v - an uncursed ring of stealth {unknown}
 L - a +4 ring of strength (left hand)
 V - a +6 ring of protection (right hand)
Scrolls
 b - 6 scrolls of random uselessness {unknown}
 e - 10 scrolls of remove curse
 f - a scroll of immolation {unknown}
 g - 4 scrolls of enchant weapon
 i - 16 scrolls of identify
 m - 7 scrolls of fear {unknown}
 n - 2 scrolls of fog {unknown}
 p - 4 scrolls of amnesia {unknown}
 r - 4 scrolls of blinking {unknown}
 t - 3 scrolls of magic mapping {unknown}
 y - 6 scrolls of enchant armour
 D - 3 scrolls of noise {unknown}
 M - a scroll of torment {unknown}
 Z - a scroll of brand weapon
Potions
 k - 7 potions of curing {unknown}
 l - a potion of brilliance {unknown}
 q - a potion of lignification {unknown}
 s - 3 potions of resistance
 w - 5 potions of heal wounds {unknown}
 x - 5 potions of mutation {unknown}
 z - 3 potions of haste {unknown}
 B - 2 potions of might {unknown}
 E - 3 potions of magic {unknown}
 F - 2 potions of flight {unknown}
 S - a potion of degeneration {unknown}
Miscellaneous
 R - a phantom mirror
Comestibles
 c - 21 rations


   Skills:
 + Level 13.3 Fighting
 - Level 16.0 Long Blades
 + Level 3.9 Throwing
 + Level 14.6 Armour
 + Level 4.3 Dodging
 + Level 1.2 Stealth
 + Level 7.6 Shields


You had 12 spell levels left.
You didn't know any spells.
Your spell library was empty.

Dungeon Overview and Level Annotations

Branches:
Dungeon (15/15)            Temple (0/1) D:4            Lair (0/6) D:11
    Orc (0/2) D:12         Vaults (0/5) D:13
 Depths: D:15

Altars:
Cheibriados
Fedhas
Hepliaklqana
Kikubaaqudgha
Makhleb
Qazlal
Sif Muna
Xom
Yredelemnul
Beogh

Shops:
D:9 %

Portals:
Trove: D:15 (give 18 scrolls of identify)

Annotations:
D:8 exclusion: oklob plant
D:13 3 runed translucent doors, bosm's ghost, journeyman KoHu
D:14 2 transporters, Opnastoc's ghost, journeyman MiBe


Innate Abilities, Weirdness & Mutations

You reflexively headbutt those who attack you in melee.
You have a pair of horns on your head.


Message History

The blast of flame hits you!!
* * * LOW HITPOINT WARNING * * *
You slice the fire dragon!! You headbutt the fire dragon.
You kill the fire dragon!
Trog accepts your kill.
The fire dragon scales are intact enough to wear.
The fire dragon closely misses you. You furiously retaliate!
You headbutt the fire dragon, but do no damage.
You riposte.
You hit the fire dragon but do no damage.
You headbutt the fire dragon!
The fire dragon is moderately wounded.
The fire dragon claws you.
* * * LOW HITPOINT WARNING * * *
The fire dragon tramples you but does no damage.
Unknown command.
You barely miss the fire dragon.
The fire dragon is moderately wounded.
You block the fire dragon's attack. The fire dragon claws you.
You die...

.....###
#.....##......#......#..
.....#
#########......#........#
....## $$$.
#......#......... ....#
...D.########.......#....
....# #%....##
#............ ....#
.D..##...###.......#...#
##### $
##.8..##.......#...# ##
#..[...#...........# .#
##D@................ .#
#.................. .#
#.......).......... .#
#........#......... .#
#........#......... .#
#........#......... .#
#........#......### .#
#........######## # .#
#........#


You could see a fire dragon.

Vanquished Creatures
  An ogre mage (D:13)
  2 fire dragons
  A vault guard (D:15)
  4 hydras
  6 two-headed ogres
  A centaur warrior (D:15)
  A death knight (D:15)
  Nergalle (D:11)
  2 unseen horrors
  7 ugly things
  A deep elf mage (D:13)
  2 phantasmal warriors (D:15)
  2 manticores
  4 cyclopes
  Maurice (D:10)
  Psyche (D:8)
  4 gargoyles
  A freezing wraith (D:15)
  A yaktaur (shapeshifter) (D:15)
  A komodo dragon (D:11)
  4 trolls
  10 slime creatures
  6 hippogriffs
  5 yaks (D:11)
  4 wraiths
  2 wyverns
  A vampire (D:9)
  5 acid dragons
  2 water moccasins
  5 sky beasts
  7 ice beasts
  An eye of draining (D:8)
  A necrophage (D:9)
  4 orc warriors
  4 ogres
  7 centaurs
  3 phantoms
  A crocodile (D:14)
  3 big kobolds
  An elf zombie (Ossuary)
  10 bullfrogs
  A wyvern skeleton (D:8)
  3 scorpions
  3 killer bees (D:12)
  9 wights
  3 howler monkeys (D:9)
  8 crimson imps
  2 centaur zombies
  10 jellies
  A quasit (D:10)
  Crazy Yiuf (D:2)
  5 hounds
  12 orc wizards
  2 bullfrog skeletons
  14 orc priests
  A gnoll shaman (D:9)
  2 human zombies (Ossuary)
  2 centaur skeletons
  3 iguanas
  11 worker ants
  2 big kobold zombies (Ossuary)
  A hound zombie (D:7)
  3 mummies
  4 gnolls (D:9)
  A howler monkey skeleton (D:9)
  8 adders
  A shadow imp (D:5)
  An ooze (D:4)
  3 adder zombies (Ossuary)
  An adder skeleton (D:4)
  6 dart slugs
  4 worms
  7 leopard geckos
  37 orcs
  4 bats
  A bat zombie (D:9)
  3 giant cockroaches
  3 goblins
  5 hobgoblins (D:2)
  8 jackals
  21 kobolds
  6 quokkas
  A ball python (D:1)
  3 frilled lizards
  11 hobgoblin zombies (Ossuary)
  10 kobold zombies (Ossuary)
  7 orc zombies (Ossuary)
  3 rats
  A rat zombie (Ossuary)
389 creatures vanquished.

Vanquished Creatures (others)
  A hound (D:13)
  An orc wizard (D:3)
  A plant (D:11)
3 creatures vanquished.

Grand Total: 392 creatures vanquished

Notes
Turn   | Place    | Note
-------+----------+-------------------------------------------
     0 | D:1      | dengdeng the Minotaur Berserker began the quest for the
                  | Orb.
     0 | D:1      | Reached XP level 1. HP: 19/19 MP: 0/0
   153 | D:1      | Reached skill level 4 in Long Blades
   153 | D:1      | Reached XP level 2. HP: 27/27 MP: 1/1
  1143 | D:2      | Reached XP level 3. HP: 34/34 MP: 2/2
  1195 | D:2      | Found a runed translucent door.
  1196 | D:2      | Noticed Crazy Yiuf
  1209 | D:2      | Killed Crazy Yiuf
  1451 | D:2      | Reached skill level 5 in Long Blades
  1455 | D:2      | Reached ** piety under Trog
  1455 | D:2      | Reached XP level 4. HP: 34/41 MP: 3/3
  1865 | D:3      | Reached XP level 5. HP: 24/47 MP: 4/4
  1872 | D:3      | Reached skill level 6 in Long Blades
  2135 | D:3      | Reached skill level 5 in Fighting
  2442 | D:3      | Found a faded altar of an unknown god.
  2582 | D:3      | Found a hazy altar of Hepliaklqana.
  2731 | D:4      | Noticed an ogre
  2737 | D:4      | Killed an ogre
  2737 | D:4      | Reached XP level 6. HP: 34/56 MP: 5/5
  2918 | D:4      | Found a shimmering altar of Xom.
  3049 | D:4      | Reached skill level 7 in Long Blades
  3382 | D:4      | Reached *** piety under Trog
  3547 | D:4      | Found a staircase to the Ecumenical Temple.
  3757 | D:4      | Reached XP level 7. HP: 50/62 MP: 6/6
  3906 | D:5      | Entered Level 5 of the Dungeon
  3979 | D:5      | HP: 3/62 [centaur/+0 morningstar (7)]
  3980 | D:5      | Reached skill level 8 in Long Blades
  4397 | D:5      | Reached skill level 9 in Long Blades
  4400 | D:5      | Found a stormy altar of Qazlal.
  4447 | D:5      | Reached XP level 8. HP: 52/70 MP: 7/7
  4718 | D:5      | Reached skill level 5 in Armour
  5421 | D:6      | Reached skill level 10 in Long Blades
  5555 | D:7      | Found a burning altar of Makhleb.
  5560 | D:7      | Found a snail-covered altar of Cheibriados.
  5673 | D:7      | Found a sand-covered staircase.
  5726 | Ossuary  | Entered an ossuary
  6139 | Ossuary  | Reached **** piety under Trog
  6447 | D:7      | Noticed a hippogriff
  6455 | D:7      | Killed a hippogriff
  6455 | D:7      | Reached XP level 9. HP: 79/79 MP: 8/8
  6499 | D:7      | Reached skill level 11 in Long Blades
  6545 | D:7      | You fall through a shaft for 3 floors!
  6545 | D:10     | Entered Level 10 of the Dungeon
  6653 | D:10     | Reached skill level 1 in Throwing
  6686 | D:9      | Noticed a two-headed ogre
  6694 | D:9      | Killed a two-headed ogre
  6694 | D:9      | Reached skill level 12 in Long Blades
  6800 | D:9      | Reached ***** piety under Trog
  6883 | D:9      | Reached skill level 13 in Long Blades
  6919 | D:9      | Reached XP level 10. HP: 88/88 MP: 9/9
  6991 | D:9      | Found Ishri's Food Emporium.
  7144 | D:9      | Reached skill level 1 in Shields
  7366 | D:8      | Noticed a two-headed ogre
  7377 | D:8      | Killed a two-headed ogre
  7591 | D:8      | Noticed an oklob plant
  7647 | D:8      | Noticed Psyche
  7657 | D:8      | Killed Psyche
  7657 | D:8      | Reached skill level 14 in Long Blades
  8125 | D:8      | Found a transporter.
  8452 | D:8      | Found a basalt altar of Yredelemnul.
  8553 | D:8      | Found a transporter.
  8636 | D:8      | Found an ancient bone altar of Kikubaaqudgha.
  8770 | D:8      | HP: 3/91 [acid (7)]
  8771 | D:8      | HP: 1/91 [acid (2)]
  9698 | D:9      | Found an ancient bone altar of Kikubaaqudgha.
  9741 | D:9      | Received a gift from Trog
  9837 | D:9      | Got a twisted flail
 10075 | D:10     | Noticed Maurice
 10102 | D:10     | Killed Maurice
 10102 | D:10     | Reached XP level 11. HP: 82/99 MP: 10/10
 10731 | D:10     | Reached skill level 10 in Fighting
 10992 | D:11     | Noticed Nergalle
 11004 | D:11     | Killed Nergalle
 11114 | D:11     | Found a staircase to the Lair.
 11167 | D:11     | Noticed a green ugly thing
 11189 | D:11     | Killed a green ugly thing
 11189 | D:11     | Reached skill level 10 in Armour
 11269 | D:11     | Reached skill level 5 in Shields
 11271 | D:11     | Reached skill level 1 in Stealth
 11446 | D:11     | Noticed a seven-headed hydra
 11462 | D:11     | Killed a 17-headed hydra
 11856 | D:11     | Identified the +8 flail of Bodily Humours {freeze, rElec
                  | rF+ MP+9 Int+4} (You found it on level 9 of the Dungeon)
 12083 | D:12     | Noticed a two-headed ogre
 12093 | D:12     | Killed a two-headed ogre
 12112 | D:12     | Received a gift from Trog
 12113 | D:12     | Found the +2 Maxwell's thermic engine {flame, freeze}
 12140 | D:12     | Killed an unseen horror
 12311 | D:12     | Noticed a white ugly thing
 12320 | D:12     | Killed a white ugly thing
 12350 | D:12     | Noticed a six-headed hydra
 12666 | D:12     | Killed a three-headed hydra
 12666 | D:12     | Reached XP level 12. HP: 109/110 MP: 9/11
 12953 | D:12     | Found a staircase to the Orcish Mines.
 13100 | D:13     | Noticed a two-headed ogre
 13100 | D:13     | Noticed a two-headed ogre
 13101 | D:13     | Found a gate to the Vaults.
 13101 | D:13     | Noticed an ogre mage
 13114 | D:13     | Killed a two-headed ogre
 13116 | D:13     | Killed a two-headed ogre
 13121 | D:13     | Killed an ogre mage
 13263 | D:13     | Found a runed translucent gate.
 13263 | D:13     | Found a runed translucent gate.
 13264 | D:13     | Found a runed translucent gate.
 13265 | D:13     | Noticed bosm's ghost (journeyman KoHu)
 13298 | D:13     | Got a shimmering quarterstaff
 13674 | D:13     | Found a flickering gateway to a bazaar.
 13683 | Bazaar   | Entered a bazaar
 13683 | Bazaar   | Found Bahon's Antique Armour Emporium.
 13683 | Bazaar   | Found Ruol's Jewellery Emporium.
 13748 | Bazaar   | Found Gesoer's Antique Weapon Boutique.
 13767 | Bazaar   | Found Fucecem's Magic Scroll Shoppe.
 13778 | Bazaar   | Found Foydeawk's General Store.
 13786 | Bazaar   | Bought a scroll of enchant armour for 52 gold pieces
 13786 | Bazaar   | Bought 2 scrolls of identify for 28 gold pieces
 13786 | Bazaar   | Bought a scroll of enchant weapon for 52 gold pieces
 13802 | Bazaar   | Bought a scroll of brand weapon for 200 gold pieces
 13802 | Bazaar   | Bought a scroll of remove curse for 30 gold pieces
 14265 | D:14     | Found a blossoming altar of Fedhas.
 14283 | D:14     | Reached skill level 15 in Long Blades
 14513 | D:14     | Identified the +4 great mace of the Spider Nest {freeze,
                  | rPois rN+ Int+2}
 14513 | D:14     | Noticed a frost giant
 14514 | D:14     | Noticed Opnastoc's ghost (journeyman MiBe)
 14515 | D:14     | Noticed a two-headed ogre
 14516 | D:14     | Noticed a two-headed ogre
 14577 | D:14     | Received a gift from Trog
 14703 | D:14     | Noticed a two-headed ogre
 14711 | D:14     | Killed a two-headed ogre
 14794 | D:14     | Found a transporter.
 14798 | D:14     | Noticed an ettin
 14799 | D:14     | Found a transporter.
 15031 | D:14     | Found a roughly hewn altar of Beogh.
 15069 | D:15     | Entered Level 15 of the Dungeon
 15074 | D:15     | Noticed a fire dragon
 15076 | D:15     | Noticed a centaur warrior
 15076 | D:15     | Noticed a seven-headed hydra
 15247 | D:14     | Killed a fire dragon
 15248 | D:14     | Killed an eight-headed hydra
 15556 | D:15     | Killed a centaur warrior
 15637 | D:15     | Noticed a vault guard
 15647 | D:15     | Killed a vault guard
 15647 | D:15     | Reached XP level 13. HP: 93/119 MP: 2/12
 15739 | D:15     | Found a portal to a secret trove of treasure.
 15766 | D:15     | Found a deep blue altar of Sif Muna.
 16079 | D:15     | Reached skill level 16 in Long Blades
 17229 | D:15     | Noticed a fire dragon
 17229 | D:15     | Noticed a fire dragon
 17248 | D:15     | HP: 2/122 [fire dragon/blast of flame (32)]
 17249 | D:15     | Killed a fire dragon
 17250 | D:15     | Slain by a fire dragon

Skill      XL: |  1  2  3  4  5  6  7  8  9 10 11 12 13 |
---------------+----------------------------------------+-----
Long Blades    | 4 5 6 7 9 10 13 14 15 16 | 16.0
Fighting       | 4 5 6 7 8 9 11 12 13 | 13.3
Armour         | 3 4 6 7 9 12 14 | 14.6
Dodging        | 3 4 |  4.3
Throwing       | 2 3 |  3.9
Shields        | 4 6 7 |  7.6
Stealth        | 1 |  1.2

Action                   |  1- 3 |  4- 6 |  7- 9 | 10-12 | 13-15 || total
-------------------------+-------+-------+-------+-------+-------++-------
Melee: Falchion          |    56 |   112 |   190 |   373 |       ||   731
       Headbutt          |    13 |    26 |    61 |   129 |    35 ||   264
       Long sword        |       |       |    87 |       |       ||    87
       Double sword      |       |       |       |   188 |   113 ||   301
Throw: Stone             |     1 |     2 |    40 |     9 |       ||    52
       Javelin           |       |       |     4 |       |       ||     4
Invok: Berserk           |     1 |     1 |     1 |     4 |     3 ||    10
       Trog's Hand       |       |       |     1 |     2 |       ||     3
  Use: Scroll            |       |       |     1 |       |       ||     1
  Eat: Chunk             |     2 |     8 |     8 |    25 |       ||    43
       Ration            |       |       |     1 |     3 |     2 ||     6
Armor: Animal skin       |     3 |       |       |       |       ||     3
       Ring mail         |       |     7 |       |       |       ||     7
       Scale mail        |       |    15 |       |       |       ||    15
       Chain mail        |       |     1 |    45 |       |       ||    46
       Plate armour      |       |       |   100 |   338 |    71 ||   509
Dodge: Dodged            |    27 |    50 |    91 |   169 |    50 ||   387
Block: Buckler           |       |       |    12 |   103 |    35 ||   150
       Rpst.: Falchion   |     6 |    13 |    10 |    24 |       ||    53
       Long sword        |       |       |    12 |       |       ||    12
       Double sword      |       |       |       |    14 |    12 ||    26
